 Dungeon Crawl Stone Soup version 0.30-a0-739-gea05faddec (webtiles) character file.

Game seed: 12406577875281605217

797 Angani the Trooper (level 8, -3/70 HPs)
             Began as a Meteoran Fighter on Feb 5, 2023.
             Was a Follower of Okawaru.
             Slain by a gnoll
             ... wielding a +0 flail
              (8 damage)
             ... on level 5 of the Dungeon.
             The game lasted 00:08:52 (1992 turns).

Angani the Trooper (Meteoran Fighter)               Turns: 1992, Time: 00:08:52

Health: -3/70      AC:  7    Str: 19    XL:     8   Next: 35%
Magic:  0/11       EV: 11    Int:  9    God:    Okawaru [*.....]
Gold:   63         SH:  0    Dex: 15    Spells: 7/7 levels left

rFire   . . .      SeeInvis .    a - +0 war axe
rCold   . . .      Faith    .    (no shield)
rNeg    . . .      Spirit   +    b - +0 scale mail
rPois   .          Reflect  .    (no helmet)
rElec   .          Harm     .    (no cloak)
rCorr   .          Rampage  .    (no gloves)
Will    ++...                    (no boots) Stlth
                                 d - amulet of guardian spirit
HPRegen 0.31/turn                e - ring of willpower
MPRegen 0.12/turn                (no ring)

@: glowing
A: sense surroundings 1, otherworldly, glowing, explore regen
a: Renounce Religion, Heroism


You were on level 5 of the Dungeon.
You worshipped Okawaru.
Okawaru was aware of your devotion.
You visited 2 branches of the dungeon, and saw 6 of its levels.

You collected 186 gold pieces.
You spent 123 gold pieces at shops.

Inventory:

Hand Weapons
 a - a +0 war axe (weapon)
Armour
 b - a +0 scale mail (worn)
Jewellery
 d - an amulet of guardian spirit (around neck)
 e - a ring of willpower (left hand)
Wands
 q - a wand of mindburst (8)
Scrolls
 g - 4 scrolls of teleportation
 h - 2 scrolls of fog
 i - a scroll of enchant armour
 m - a scroll of butterflies {unknown}
 o - a scroll of identify
 p - a scroll of brand weapon
Potions
 c - a potion of resistance {unknown}
 f - 5 potions of curing {unknown}
 j - 2 potions of flight {unknown}
 k - a potion of might
 l - a potion of magic {unknown}
 n - a potion of brilliance {unknown}
 r - a potion of haste {unknown}


   Skills:
 + Level 5.9 Fighting
 + Level 5.8 Axes
 - Level 5.5 Armour
 - Level 3.8 Dodging
 - Level 3.6 Shields
 + Level 3.5 Invocations


You had 7 spell levels left.
You didn't know any spells.
Your spell library contained the following spells:

 Spells                   Type           Power      Damage    Failure   Level
 Lesser Beckoning         Tloc           0%         N/A       86%         2
 Gell's Gravitas          Tloc           0%         N/A       98%         3
 Inner Flame              Hex/Fire       0%         N/A       98%         3
 Teleport Other           Tloc           0%         N/A       98%         3
 Flame Wave               Conj/Fire      0%         2d4       100%        4
 Sticky Flame             Conj/Fire      0%         2d3       100%        4


Dungeon Overview and Level Annotations

Branches:
Dungeon (5/15) Zot: 913    Temple (1/1) D:4 Zot: 598

Altars:
Cheibriados
Okawaru
Xom
Yredelemnul

Shops:
D:4 ?

Annotations:
D:2 Sigmund
D:5 2 transporters, derval's ghost, novice OpSu


Innate Abilities, Weirdness & Mutations

You passively map a small area around you.
You are easily found by Zot.
You glow in the dark.
You regain HP and MP as you explore.


Message History

The gnoll hits you from afar with a +0 spear.
The gnoll closely misses you. The gnoll misses you.
The hound bites you but does no damage.
Unknown command.
You slash the hound!
The hound is severely wounded.
You hit the gnoll. You barely miss the gnoll. You closely miss the gnoll.
You hit the gnoll but do no damage. The gnoll hits you with a +0 flail.
The gnoll misses you. The gnoll closely misses you.
The gnoll hits you from afar with a +0 spear.
The gnoll hits you with a +0 flail. The gnoll barely misses you.
The hound barely misses you. The gnoll barely misses you. x2
The gnoll hits you with a +0 flail! The gnoll hits you with a +0 flail.
The gnoll closely misses you. The gnoll misses you.
Unknown command.
You are too injured to fight recklessly!
Unknown command.
You closely miss the gnoll. You hit the gnoll but do no damage.
You slash the gnoll! You hit the gnoll but do no damage. You hit the hound.
You kill the hound!
Okawaru accepts your kill. The gnoll misses you.
The gnoll hits you but does no damage. The gnoll hits you with a +0 flail!
The gnoll hits you from afar with a +0 spear.
* * * LOW HITPOINT WARNING * * *
The gnoll hits you with a +0 spear.
* * * LOW HITPOINT WARNING * * *
The gnoll hits you with a +0 flail.
* * * LOW HITPOINT WARNING * * *
Unknown command.
Unknown command.
You closely miss the gnoll. You hit the gnoll. You barely miss the gnoll.
You hit the gnoll but do no damage. The gnoll barely misses you.
The gnoll hits you with a +0 flail.
* * * LOW HITPOINT WARNING * * *
The gnoll hits you with a +0 spear.
* * * LOW HITPOINT WARNING * * *
The gnoll closely misses you. The gnoll barely misses you.
The gnoll hits you with a +0 flail!
You die...

*, ## ,,... ##., ....# * *..
....' ###.# * .....' * #...
#.....' ##..####g.....#
##...#.†g#...... , ,
#.......@gg..... ,
###..##...gg###..., ,
#.#...##......:....##......
##.....#.)...#....#.........
#....#.......###..#.##......
#...##....#..# ............
##..##..###..## #...........
#.......##...###...#......$
##..#...##..##...)###......


You could see 6 gnolls.

Vanquished Creatures
  A scorpion (D:4)
  A howler monkey (D:5)
  A jelly (D:5)
  8 hounds (D:5)
  A gnoll bouda (D:5)
  An orc priest (D:4)
  An iguana (D:4)
  17 gnolls
  8 adders
  2 ufetubi
  A worm (D:2)
  A dart slug (D:2)
  8 orcs
  5 bats
  An endoplasm (D:1)
  4 giant cockroaches
  7 goblins
  5 hobgoblins
  7 jackals
  7 quokkas
  7 ball pythons
  8 kobolds
  3 rats
105 creatures vanquished.

Notes
Turn   | Place    | Note
-------+----------+-------------------------------------------
     0 | D:1      | Angani the Meteoran Fighter began the quest for the Orb.
     0 | D:1      | Reached XP level 1. HP: 19/19 MP: 2/2
    27 | D:1      | Reached XP level 2. HP: 23/26 MP: 3/3
    47 | D:1      | Reached skill level 1 in Dodging
   103 | D:1      | Reached XP level 3. HP: 31/31 MP: 4/4
   356 | D:2      | Reached XP level 4. HP: 11/40 MP: 5/5
   358 | D:2      | HP: 2/40 [gnoll/+0 club (4)]
   407 | D:2      | Reached XP level 5. HP: 12/46 MP: 6/6
   595 | D:2      | Noticed Sigmund
  1189 | D:4      | Reached XP level 6. HP: 25/53 MP: 7/7
  1193 | D:4      | Reached skill level 5 in Armour
  1385 | D:4      | Found an iron altar of Okawaru.
  1390 | D:4      | Became a worshipper of Warmaster Okawaru
  1590 | D:4      | Found a staircase to the Ecumenical Temple.
  1595 | D:4      | Found Sastrubeu's Magic Scroll Emporium.
  1603 | D:4      | Bought a scroll of brand weapon for 123 gold pieces
  1628 | D:5      | Entered Level 5 of the Dungeon
  1642 | D:5      | Reached XP level 7. HP: 28/60 MP: 4/8
  1661 | Temple   | Entered the Ecumenical Temple
  1765 | D:5      | Reached skill level 5 in Fighting
  1795 | D:5      | Found a transporter.
  1796 | D:5      | Found a shimmering altar of Xom.
  1796 | D:5      | Found a shimmering altar of Xom.
  1796 | D:5      | Found a shimmering altar of Xom.
  1796 | D:5      | Found a shimmering altar of Xom.
  1796 | D:5      | Found a shimmering altar of Xom.
  1797 | D:5      | Found a shimmering altar of Xom.
  1797 | D:5      | Found a shimmering altar of Xom.
  1805 | D:5      | Found a transporter.
  1819 | D:5      | Noticed derval's ghost (novice OpSu)
  1835 | D:5      | Reached skill level 1 in Invocations
  1863 | D:5      | Reached * piety under Okawaru
  1864 | D:5      | Reached skill level 5 in Axes
  1882 | D:5      | Reached XP level 8. HP: 31/69 MP: 5/10
  1992 | D:5      | Slain by a gnoll

Illustrated notes

Levels and vault maps discovered:
D:1:      dpeg_arrival_round_b, layout_loops_ring, st_stairs_11, minmay_vboxes
D:2:      layout_basic, chequers_serial_rivers_large_a,
          chequers_serial_rivers_small_b, uniq_crazy_yiuf_cottage, uniq_sigmund
D:3:      layout_basic
D:4:      cheibrodos_quashed, layout_basic, mainiacjoe_overflow_alcove_2,
          minmay_temple_entry_glass, serial_shops, shop_fountains,
          minmay_circle_x
D:5:      layout_cave_pools, xom_redecorated, kennysheep_mini_moat,
          gammafunk_ghost_stat_death, serial_gnoll_camp, gnoll_camp_mini_house,
          gnoll_camp_mini_loothouse, gnoll_camp_mini_basic,
          gnoll_camp_mini_doghouse, gnoll_camp_mini_doghouse
Temple:   nicolae_temple_bog_church

Skill      XL: |  1  2  3  4  5  6  7  8 |
---------------+-------------------------+-----
Dodging        | 1 2 3 |  3.8
Axes           | 3 4 5 |  5.8
Armour         | 4 5 |  5.5
Fighting       | 4 5 |  5.9
Invocations    | 2 3 |  3.5
Shields        | |  3.6

Action                     |  1- 3 |  4- 6 |  7- 9 || total
---------------------------+-------+-------+-------++-------
  Melee: War axe           |    53 |   113 |   109 ||   275
         Punch             |     2 |     1 |     3 ||     6
    Use: Scroll            |     5 |     2 |       ||     7
         Potion            |       |     3 |       ||     3
 Armour: Scale mail        |    46 |    86 |    88 ||   220
         Skin              |       |     6 |       ||     6
  Dodge: Dodged            |    32 |    75 |   121 ||   228

Table legend: (Time is in decaauts)
 A = Elapsed time spent in this place.
 B = Non-inter-level travel time spent in this place.
 C = Inter-level travel time spent in this place.
 D = Time resting spent in this place.
 E = Time spent auto-exploring this place.
 F = Levels seen in this place.
 G = Mean time per level.
                   A        B        C        D        E       F      G
               +--------+--------+--------+--------+--------+-----+--------+
         Total |   2087 |   1820 |    267 |     33 |      0 |   6 |  347.8 |
       Dungeon |   2085 |   1818 |    267 |     33 |      0 |   5 |  417.0 |
        Temple |      1 |      1 |      0 |      0 |      0 |   1 |    1.0 |
               +--------+--------+--------+--------+--------+-----+--------+

Top non-repeatable levels by time:
     D:3: 567 daAuts
     D:4: 544 daAuts
     D:1: 339 daAuts
     D:5: 326 daAuts
     D:2: 307 daAuts
  Temple: 1 daAuts
